 Dungeon Crawl Stone Soup version 0.26.1-2-gb8aa6d0cf2 (webtiles) character file.

Game seed: 17042812644646161731

668 Ladykiller69 the Cudgeller (level 7, -5/72 HPs)
             Began as an Ogre Gladiator on Mar 17, 2021.
             Was an Initiate of Wu Jian.
             Splashed by a jelly's acid (7 damage)
             ... on level 5 of the Dungeon.
             The game lasted 00:05:55 (4890 turns).

Ladykiller69 the Cudgeller (Ogre Gladiator)         Turns: 4890, Time: 00:05:56

Health: -5/72      AC:  1    Str: 21    XL:     7   Next: 58%
Magic:  7/7        EV:  9    Int:  9    God:    Wu Jian [......]
Gold:   200        SH:  0    Dex: 10    Spells: 6/6 levels left

rFire    x . .     SeeInvis .   a - +0 flail
rCold    + + .     Faith    .   (no shield)
rNeg     . . .     Spirit   .   g - +0 ice dragon scales
rPois    .         Reflect  .   u - +2 hat
rElec    .         Harm     .   (no cloak)
rCorr    .         Rampage  .   (gloves unavailable)
Will     .....                  (boots unavailable)
Stlth    ..........             (no amulet)
HPRegen  0.22/turn              (no ring)
MPRegen  0.10/turn              (no ring)

@: corroded
A: large, unfitting armour, tough skin 1
a: Renounce Religion


You were on level 5 of the Dungeon.
You worshipped Wu Jian.
Wu Jian was noncommittal.
You visited 2 branches of the dungeon, and saw 6 of its levels.

You collected 200 gold pieces.

Inventory:

Hand Weapons
 a - a +0 flail (weapon)
Missiles
 d - 3 throwing nets
 n - 19 poisoned darts (quivered)
Armour
 b - a +0 robe
 c - a +0 hat
 g - +0 ice dragon scales (worn)
 u - a +2 hat (worn)
Jewellery
 m - a cursed amulet of inaccuracy {unknown}
 t - an uncursed ring of fire {unknown}
Wands
 q - a wand of enslavement (3)
Scrolls
 e - 2 scrolls of fog {unknown}
 f - 5 scrolls of identify {unknown}
 h - 2 scrolls of magic mapping {unknown}
 i - a scroll of enchant weapon {unknown}
 j - a scroll of blinking {unknown}
 l - 2 scrolls of teleportation {unknown}
 s - a scroll of amnesia {unknown}
Potions
 k - a potion of magic {unknown}
 o - a potion of flight {unknown}
 p - a potion of attraction {unknown}
 r - a potion of brilliance {unknown}
 v - a potion of lignification {unknown}


   Skills:
 + Level 5.3 Fighting
 * Level 5.3 Maces & Flails
 - Level 2.1 Throwing
 + Level 2.6 Armour
 + Level 4.1 Dodging


You had 6 spell levels left.
You didn't know any spells.
Your spell library was empty.

Dungeon Overview and Level Annotations

Branches:
Dungeon (5/15)             Temple (1/1) D:4

Altars:
Ashenzari
Cheibriados
Dithmenos
Elyvilon
Fedhas
Gozag
Hepliaklqana
Kikubaaqudgha
Nemelex Xobeh
Okawaru
Ru
Sif Muna
Trog
Uskayaw
Wu Jian
Xom
Yredelemnul
Zin
The Shining One


Innate Abilities, Weirdness & Mutations

You are too large for most types of armour.
You have tough skin. (AC +1)


Message History

The acid corrodes you!
You are splashed with acid!
You hit the jelly.
Your hands burn!
The jelly is almost dead.
The quokka skeleton closely misses you. The jelly hits you.
You are splashed with acid!
The quokka skeleton barely misses you.
You hit the jelly but do no damage.
Your hands burn!
The jelly is almost dead.
The jelly hits you.
You are splashed with acid!
The quokka skeleton barely misses you.
You hit the jelly but do no damage.
Your hands burn!
* * * LOW HITPOINT WARNING * * *
The jelly is almost dead.
The jelly hits you.
* * * LOW HITPOINT WARNING * * *
You are splashed with acid!
* * * LOW HITPOINT WARNING * * *
The quokka skeleton closely misses you. The jelly hits you.
* * * LOW HITPOINT WARNING * * *
You are splashed with acid!
You die...

........' ...
.........#....
.......... ..
......$..........
.........#.......
.........'.......
.......ZJ#.......
........@#....... .
.........#......(
#.##+#.....#.......
.#....'......#
...#.#......# #
###.#......#.# . #.
...........#...
.##.#####....########
.....................


You could see a jelly and a quokka skeleton.

Vanquished Creatures
  A hornet zombie (D:5)
  2 scorpions (D:4)
  3 orc priests
  An orc wizard (D:5)
  2 iguanas
  Ijyb (D:3)
  3 worker ants
  10 adders
  A shadow imp (D:5)
  A white imp (D:5)
  An ooze (D:1)
  5 worms
  2 dart slugs
  5 leopard geckos
  7 orcs
  A giant cockroach (D:1)
  9 goblins
  8 hobgoblins
  6 jackals
  4 kobolds
  5 quokkas
  9 bats
  4 frilled lizards
  10 rats
101 creatures vanquished.

Notes
Turn   | Place    | Note
-------+----------+-------------------------------------------
     0 | D:1      | Ladykiller69 the Ogre Gladiator began the quest for the
                  | Orb.
     0 | D:1      | Reached XP level 1. HP: 22/22 MP: 1/1
   134 | D:1      | Reached XP level 2. HP: 29/29 MP: 2/2
   395 | D:1      | Reached XP level 3. HP: 37/37 MP: 3/3
   997 | D:2      | Reached XP level 4. HP: 40/45 MP: 4/4
  1064 | D:2      | Found a blossoming altar of Fedhas.
  1071 | D:2      | Found a snail-covered altar of Cheibriados.
  1169 | D:2      | Reached skill level 1 in Armour
  1227 | D:2      | Found an opulent altar of Gozag.
  1783 | D:3      | Reached XP level 5. HP: 29/54 MP: 5/5
  2476 | D:3      | Noticed Ijyb
  2514 | D:3      | Killed Ijyb
  2642 | D:3      | Reached XP level 6. HP: 62/62 MP: 6/6
  2790 | D:4      | Found a staircase to the Ecumenical Temple.
  2820 | Temple   | Entered the Ecumenical Temple
  2945 | Temple   | Became a worshipper of the Wu Jian Council
  3381 | D:4      | Found a sacrificial altar of Ru.
  4191 | D:5      | Entered Level 5 of the Dungeon
  4234 | D:4      | Reached XP level 7. HP: 65/71 MP: 7/7
  4284 | D:5      | Reached skill level 5 in Fighting
  4284 | D:5      | Reached skill level 5 in Maces & Flails
  4890 | D:5      | HP: 2/72 [jelly (3)]
  4890 | D:5      | Splashed by a jelly's acid

Illustrated notes

Levels and vault maps discovered:
D:1:      giann_forest_graveyard, layout_basic
D:2:      layout_rooms, grunt_gozag_statues, amethyst_overflow_temple_binary
D:3:      layout_loops_cross, uniq_ijyb
D:4:      layout_layer_cave, lemuel_coloured_pillars_altar, temple_green
D:5:      layout_basic
Temple:   regret_index_temple_waves

Skill      XL: |  1  2  3  4  5  6  7 |
---------------+----------------------+-----
Fighting       | 3 4 5 |  5.3
Maces & Flails | 3 4 5 |  5.3
Dodging        | 3 4 |  4.1
Armour         | 1 2 |  2.6
Throwing       | |  2.1

Action                   |  1- 3 |  4- 6 |  7- 9 || total
-------------------------+-------+-------+-------++-------
Melee: Flail             |    94 |   219 |    78 ||   391
Throw: Dart              |       |     4 |    15 ||    19
Invok: Lunge             |       |     5 |     3 ||     8
 Stab: Sleeping          |     1 |       |       ||     1
Armor: Ice dragon scales |    86 |   166 |    48 ||   300
Dodge: Dodged            |    61 |   113 |    54 ||   228
